 Dungeon Crawl Stone Soup version 0.22-b1-59-g0aedee734a (webtiles) character file.

21518 dududu the Cleaver (level 12, -3/112 HPs)
             Began as a Deep Dwarf Fighter on Aug 10, 2018.
             Was a High Priest of Makhleb.
             Succumbed to a meliai's poison
             ... on level 13 of the Dungeon.
             The game lasted 00:20:29 (8010 turns).

dududu the Cleaver (Deep Dwarf Fighter)             Turns: 8010, Time: 00:20:29

Health: -3/112     AC: 18    Str: 25    XL:     12   Next: 54%
Magic:  10/10      EV:  4    Int:  9    God:    Makhleb [*****.]
Gold:   321        SH: 18    Dex: 12    Spells: 11/11 levels left

rFire    . . .     SeeInvis .   a - +1 war axe
rCold    . . .     Gourm    .   D - +0 large shield
rNeg     . . .     Faith    .   E - +0 plate armour
rPois    .         Spirit   .   C - +0 helmet
rElec    .         Reflect  .   j - +1 cloak
rCorr    .         Harm     .   (no gloves)
MR       +....                  (no boots)
Stlth    ..........             x - amulet of rage
HPRegen  0.00/turn              i - ring of magical power
MPRegen  0.12/turn              (no ring)

@: lethally poisoned (-3 -> -31), non-regenerating
A: damage resistance, heal wounds, sense surroundings 2, no regeneration
a: Heal Wounds, Minor Destruction, Lesser Servant of Makhleb, Major Destruction,
Greater Servant of Makhleb, Renounce Religion, Evoke Berserk Rage


You were on level 13 of the Dungeon.
You worshipped Makhleb.
Makhleb was extremely pleased with you.
You were not hungry.

You visited 2 branches of the dungeon, and saw 14 of its levels.

You collected 639 gold pieces.
You spent 318 gold pieces at shops.

Inventory:

Hand Weapons
 a - a +1 war axe (weapon)
 b - a +2 scimitar of flaming
Missiles
 m - 3 throwing nets (quivered)
Armour
 j - a +1 cloak (worn)
 C - a +0 helmet (worn)
 D - a +0 large shield (worn)
 E - a +0 plate armour (worn)
Jewellery
 g - an uncursed ring of fire
 i - a ring of magical power (left hand)
 x - an amulet of rage (around neck)
Wands
 c - a wand of acid (5)
 v - a wand of digging (17)
 y - a wand of paralysis (9)
Scrolls
 l - a scroll of fog
 t - 5 scrolls of teleportation
 w - a scroll of remove curse
 z - 3 scrolls of enchant armour
 H - a scroll of magic mapping
Potions
 d - 5 potions of might
 f - 4 potions of heal wounds
 h - 4 potions of flight
 k - 3 potions of brilliance
 n - a potion of resistance
 p - 3 potions of berserk rage
 q - 3 potions of curing
 s - a potion of agility
 u - 2 potions of mutation
 A - a potion of invisibility {unknown}
 B - 5 potions of lignification
 F - a potion of ambrosia {unknown}
Miscellaneous
 o - a phantom mirror
Comestibles
 e - 24 rations
 r - 6 chunks of flesh


   Skills:
 + Level 8.8 Fighting
 * Level 13.6 Axes
 + Level 10.4 Armour
 + Level 10.4 Shields
 * Level 8.7 Invocations


You had 11 spell levels left.
You didn't know any spells.
Your spell library was empty.

Dungeon Overview and Level Annotations

Branches:
Dungeon (13/15)            Temple (1/1) D:6            Lair (0/6) D:10
    Orc (0/2) D:10
 Vaults: D:13-14

Altars:
Ashenzari
Elyvilon
Fedhas
Gozag
Hepliaklqana
Kikubaaqudgha
Makhleb
Nemelex Xobeh
Okawaru
Ru
Sif Muna
Trog
Uskayaw
Vehumet
Wu Jian
Yredelemnul
Zin
The Shining One
Beogh

Shops:
D:4 }   D:12 !


Innate Abilities, Weirdness & Mutations

You are resistant to damage.
You can heal yourself by infusing magical energy.
You passively map the area around you.
You do not regenerate.


Message History

The meliai is heavily wounded.
You closely miss the hound. You completely miss the meliai.
You hit the centaur warrior.
You feel sick. The meliai hits you with a war axe.
You block the meliai's attack.
The meliai hits you with a war axe of electrocution.
You block the meliai's attack.
The centaur warrior hits you but does no damage.
The hound bites you but does no damage. The meliai hits you but does no damage.
The meliai stings you.
* * * LOW HITPOINT WARNING * * *
You are lethally poisoned!
The meliai poisons you! You block the centaur warrior's attack.
The meliai hits you but does no damage.
You are electrocuted!
* * * LOW HITPOINT WARNING * * *
You block the meliai's attack.
You hit the meliai.
The meliai is severely wounded.
You hit the centaur warrior but do no damage.
You slash the meliai! You closely miss the hound.
You die...

,, , ,, , ,, , , . ,,
, ,,.., , , ...,* ,
,....##############*
*** , ,,
.......9.......... , ,
, .....5cyh..........
, , ,
.....uy@(.......... ,
* *##########.........
#......... #...?.....
#......... ,
#......... #.........
,, , *
*############..†......
, , ,
.....................
,


You could see a cyan ugly thing, a centaur warrior, a gargoyle, 2 meliai, a
hound and a crimson imp.

Vanquished Creatures
  3 hydras
  Erica (D:8)
  2 two-headed ogres
  2 ugly things
  A gargoyle (D:11)
  A kobold demonologist (D:11)
  3 trolls
  A meliai (D:13)
  A hornet (D:11)
  5 slime creatures (D:12)
  3 hippogriffs
  Sigmund (D:6)
  4 wyverns
  32 yaks
  2 hungry ghosts
  Eustachio (D:6)
  Menkaure (D:6)
  4 vampire mosquitoes (D:13)
  A water moccasin (D:6)
  2 porcupines (D:10)
  9 orc warriors
  5 sky beasts
  Duvessa (D:6)
  6 ice beasts
  2 phantoms
  A black bear (D:8)
  An eye of draining (D:12)
  A hornet zombie (D:9)
  2 ogres
  A necrophage (D:11)
  7 centaurs
  A crocodile (D:10)
  Blork the orc (D:5)
  2 big kobolds (D:11)
  6 bullfrogs
  A wyvern zombie (D:11)
  Dowan (D:6)
  4 scorpions
  5 wights (D:11)
  10 killer bees (D:9)
  2 howler monkeys
  3 centaur zombies
  A bullfrog zombie (D:11)
  6 crimson imps
  6 orc priests
  2 jellies
  A quasit (D:8)
  4 hounds
  12 orc wizards
  A gnoll shaman (D:4)
  3 centaur skeletons
  2 bullfrog skeletons
  4 iguanas
  4 worker ants
  8 adders
  7 gnolls (D:4)
  2 shadow imps
  An adder zombie (D:10)
  An ooze (D:5)
  2 adder skeletons
  3 worms
  A dart slug (D:2)
  5 leopard geckos
  45 orcs
  3 giant cockroaches
  6 goblins
  5 hobgoblins
  7 jackals
  3 quokkas
  4 ball pythons
  6 bats
  6 frilled lizards
  3 kobolds
  A leopard gecko skeleton (D:4)
  A quokka skeleton (D:4)
  3 rats
  A bush (D:11)
  2 fungi (D:10)
  A plant (D:10)
316 creatures vanquished.

Vanquished Creatures (collateral kills)
  A slime creature (D:11)
1 creature vanquished.

Vanquished Creatures (others)
  A bullfrog skeleton (D:12)
  4 fungi (D:10)
5 creatures vanquished.

Grand Total: 322 creatures vanquished

Notes
Turn   | Place    | Note
-------+----------+-------------------------------------------
     0 | D:1      | dududu the Deep Dwarf Fighter began the quest for the Orb.
     0 | D:1      | Reached XP level 1. HP: 20/20 MP: 1/1
   141 | D:2      | Reached XP level 2. HP: 20/27 MP: 2/2
   226 | D:2      | Found a white marble altar of Elyvilon.
   486 | D:3      | Reached XP level 3. HP: 29/33 MP: 3/3
   503 | D:3      | Found a sacrificial altar of Ru.
   514 | D:3      | Reached skill level 3 in Axes
   520 | D:3      | Reached XP level 4. HP: 29/42 MP: 4/4
   797 | D:4      | Reached skill level 4 in Axes
   797 | D:4      | Reached XP level 5. HP: 39/49 MP: 5/5
   932 | D:4      | Found Minotzur's Gadget Shoppe.
   937 | D:4      | Bought a wand of iceblast (4) for 80 gold pieces
  1123 | D:4      | Reached XP level 6. HP: 49/56 MP: 5/5
  1235 | D:4      | Reached skill level 5 in Axes
  1572 | D:5      | Entered Level 5 of the Dungeon
  1611 | D:5      | Noticed Blork the orc
  1619 | D:5      | Killed Blork the orc
  1619 | D:5      | Reached XP level 7. HP: 32/64 MP: 5/5
  1658 | D:5      | Reached skill level 5 in Shields
  1750 | D:5      | Reached skill level 5 in Armour
  1818 | D:6      | Noticed Sigmund
  1858 | D:6      | HP: 2/64 [poisoned by Sigmund]
  1868 | D:6      | Killed Sigmund
  1868 | D:6      | Reached skill level 6 in Axes
  1889 | D:6      | Noticed Duvessa
  1891 | D:6      | Noticed Dowan
  1926 | D:6      | Killed Duvessa
  1926 | D:6      | Reached XP level 8. HP: 34/73 MP: 3/3
  1934 | D:6      | Killed Dowan
  2023 | D:6      | Reached skill level 7 in Axes
  2066 | D:6      | Noticed Menkaure
  2084 | D:6      | Killed Menkaure
  2091 | D:6      | Reached skill level 5 in Fighting
  2119 | D:6      | Found an ornate altar of the Wu Jian Council.
  2156 | D:6      | Found a staircase to the Ecumenical Temple.
  2184 | Temple   | Entered the Ecumenical Temple
  2368 | Temple   | Became a worshipper of Makhleb the Destroyer
  2527 | D:6      | Found a sparkling altar of Nemelex Xobeh.
  2548 | D:6      | Reached skill level 8 in Axes
  2602 | D:6      | Noticed Eustachio
  2889 | D:7      | Gained mutation: You passively map the area around you. [Deep Dwarf growth]
  2889 | D:7      | Reached XP level 9. HP: 41/81 MP: 2/2
  3365 | D:8      | Noticed Erica
  3375 | D:8      | Reached skill level 9 in Axes
  3383 | D:8      | Killed Erica
  3682 | D:8      | Found a deep blue altar of Sif Muna.
  4184 | D:9      | Reached skill level 10 in Axes
  4436 | D:9      | Reached * piety under Makhleb
  4449 | D:9      | Reached XP level 10. HP: 39/92 MP: 3/3
  4514 | D:9      | Noticed a two-headed ogre
  4530 | D:9      | Killed a two-headed ogre
  4686 | D:9      | Reached skill level 1 in Invocations
  4715 | D:9      | Found a glowing silver altar of Zin.
  4910 | D:10     | Entered Level 10 of the Dungeon
  4951 | D:10     | Reached skill level 11 in Axes
  5060 | D:7      | Reached ** piety under Makhleb
  5095 | D:6      | Killed Eustachio
  5366 | D:10     | Found a staircase to the Lair.
  5764 | D:10     | Reached XP level 11. HP: 62/100 MP: 5/5
  5798 | D:10     | Found a roughly hewn altar of Beogh.
  5800 | D:10     | Found a staircase to the Orcish Mines.
  5935 | D:11     | Paralysed by a hornet for 1 turns
  6043 | D:11     | Noticed a seven-headed hydra
  6067 | D:11     | Killed a one-headed hydra
  6177 | D:11     | Reached *** piety under Makhleb
  6245 | D:11     | Reached skill level 12 in Axes
  6310 | D:11     | Reached skill level 5 in Invocations
  6319 | D:11     | Found a blossoming altar of Fedhas.
  6608 | D:12     | Noticed a seven-headed hydra
  6608 | D:12     | Noticed a white ugly thing
  6615 | D:12     | Reached **** piety under Makhleb
  6698 | D:11     | Killed a one-headed hydra
  6764 | D:11     | Killed a white ugly thing
  6861 | D:12     | Noticed a red ugly thing
  6871 | D:12     | Killed a red ugly thing
  6896 | D:11     | Reached skill level 13 in Axes
  6896 | D:11     | Reached skill level 10 in Shields
  6896 | D:11     | Reached XP level 12. HP: 18/111 MP: 1/1
  6904 | D:12     | HP: 5/111 [slime creature (11)]
  6910 | D:12     | HP: 2/111 [slime creature (3)]
  6988 | D:12     | Reached skill level 10 in Armour
  7175 | D:12     | Noticed a seven-headed hydra
  7184 | D:12     | Killed a three-headed hydra
  7480 | D:12     | Noticed a two-headed ogre
  7490 | D:12     | Killed a two-headed ogre
  7593 | D:12     | Found Ridoz's Distillery.
  7630 | D:12     | Bought a potion of might for 68 gold pieces
  7630 | D:12     | Bought a potion of might for 68 gold pieces
  7630 | D:12     | Bought 2 potions of curing for 102 gold pieces
  7761 | D:12     | Reached ***** piety under Makhleb
  7992 | D:13     | Noticed a centaur warrior
  8009 | D:13     | HP: 1/112 [meliai/war axe of electrocution (10)]
  8010 | D:13     | Succumbed to a meliai's poison

Skill      XL: |  1  2  3  4  5  6  7  8  9 10 11 12 |
---------------+-------------------------------------+-----
Fighting       | 3 4 5 6 7 8 |  8.8
Axes           | 3 4 5 6 8 10 11 13 | 13.6
Shields        | 4 5 6 7 8 10 | 10.4
Armour         | 4 5 6 7 8 9 10 | 10.4
Invocations    | 4 6 8 |  8.7

Action                   |  1- 3 |  4- 6 |  7- 9 | 10-12 || total
-------------------------+-------+-------+-------+-------++-------
Melee: War axe           |    77 |   173 |   401 |   881 ||  1532
       Scimitar          |       |       |       |    43 ||    43
Invok: Lesser Servant of |       |       |       |     1 ||     1
 Abil: Heal Wounds       |     1 |     5 |    21 |    35 ||    62
Evoke: Wand              |       |       |     5 |     8 ||    13
  Use: Scroll            |       |     7 |     5 |     8 ||    20
       Potion            |       |       |     4 |       ||     4
 Stab: Invisible         |     1 |       |       |       ||     1
       Paralysed         |       |     2 |       |     8 ||    10
  Eat: Chunk             |       |     3 |    10 |    16 ||    29
       Ration            |       |       |     1 |       ||     1
Armor: Scale mail        |    38 |    59 |       |       ||    97
       Chain mail        |       |    63 |   188 |   109 ||   360
       Plate armour      |       |       |       |   397 ||   397
Dodge: Dodged            |    29 |    55 |    48 |   152 ||   284
Block: Shield            |    43 |   101 |     1 |       ||   145
       Large shield      |       |       |   303 |  1000 ||  1303
       Rpst.: Scimitar   |       |       |       |     1 ||     1
